 Dungeon Crawl Stone Soup version 0.30-b1-2-g02819fbbbe (webtiles) character file.

Game seed: 5598164256973126967

76 Arcadio the Poker (level 4, 0/34 (35) HPs)
             Began as a Merfolk Reaver on May 7, 2023.
             Succumbed to Jessica's poison
             ... on level 2 of the Dungeon.
             The game lasted 00:06:54 (1203 turns).

Arcadio the Poker (Merfolk Reaver)                  Turns: 1203, Time: 00:06:55

HP:   0/34 (35)     AC:  3    Str: 14    XL:     4   Next: 32%
MP:   3/7           EV: 12    Int: 12    God:
Gold: 93            SH:  0    Dex: 12    Spells: 6/7 levels left

rFire   . . .        a - +0 spear
rCold   . . .        (no shield)
rNeg    . . .        b - +0 leather armour
rPois   .            (no helmet)
rElec   .            (no cloak)
rCorr   .            (no gloves)
SInv    .            (no boots)
Will    .....        (no amulet)
Stlth   +            (no ring)
HPRegen 0.25/turn    (no ring)
MPRegen 0.10/turn

%: no passive effects
@: lethally poisoned (0 -> -4), very slightly contaminated, slowed, lightly
drained, very slow
A: (nimble swimmer 2), mertail
a: no special abilities


You were on level 2 of the Dungeon.
You visited 1 branch of the dungeon, and saw 2 of its levels.

You collected 93 gold pieces.

Inventory:

Hand Weapons
 a - a +0 spear (weapon)
Armour
 b - a +0 leather armour (worn)
 h - a +0 ring mail
Scrolls
 c - a scroll of magic mapping {unknown}
 d - a scroll of teleportation {unknown}
 f - a scroll of fear {unknown}
 i - 2 scrolls of noise {unknown}
 j - a scroll of immolation {unknown}
 r - a scroll of identify
Potions
 e - 2 potions of attraction


   Skills:
 + Level 3.3 Fighting
 + Level 5.0 Polearms
 + Level 4.0 Dodging
 - Level 2.0 Spellcasting
 - Level 2.4 Conjurations


You had 6 spell levels left.
You knew the following spells:

 Your Spells              Type           Power      Damage    Failure   Level
a - Kiss of Death         Conj/Necr      16%        2d6       22%         1

Your spell library contained the following spells:

 Spells                   Type           Power      Damage    Failure   Level
 Momentum Strike          Conj/Tloc      8%         3d8       32%         2
 Lesser Beckoning         Tloc           2%         N/A       45%         2
 Hailstorm                Conj/Ice       4%         3d4       54%         3
 Gell's Gravitas          Tloc           1%         N/A       71%         3
 Teleport Other           Tloc           1%         N/A       71%         3


Dungeon Overview and Level Annotations

Branches:
Dungeon (2/15) Zot: 10810

Altars:


Innate Abilities, Weirdness & Mutations

((You are very nimble when in or above water. (Stealth+, EV+, Speed+++)))
Your lower body shifts to a powerful aquatic tail in water.


Message History

Jessica hits you with a +1 dagger of venom.
You are more poisoned.
You feel better.
Jessica hits you with a +1 dagger of venom.
You are lethally poisoned!
Jessica barely misses you.
Casting: Kiss of Death (safe; 22% risk of failure)
Confirm with . or Enter, or press ? or * to list all spells.
Aiming: Kiss of Death (safe; 22% risk of failure)
Press: ? - help, Shift-Dir - straight line, f - Jessica
Aim: Jessica, wielding a +1 dagger of venom and wearing a +0 robe (severely wounded, fast, 100% to hit)
The negative energy hits Jessica!
Jessica is drained!
You kill Jessica!
You feel drained.
You feel very sick. The hobgoblin barely misses you.
Your Polearms skill increases to level 5!
Your Dodging skill increases to level 4!
You have reached level 4!
Casting: Kiss of Death (safe; 22% risk of failure)
Confirm with . or Enter, or press ? or * to list all spells.
Aiming: Kiss of Death (safe; 22% risk of failure)
Press: ? - help, Shift-Dir - straight line, f - hobgoblin
Aim: a hobgoblin (100% to hit)
You miscast Kiss of Death.
You are very lightly contaminated with residual magic.
Nothing appears to happen.
You feel very sick. The hobgoblin closely misses you.
Casting: Kiss of Death (safe; 22% risk of failure)
Confirm with . or Enter, or press ? or * to list all spells.
Aiming: Kiss of Death (safe; 22% risk of failure)
Press: ? - help, Shift-Dir - straight line, f/p - hobgoblin
Aim: a hobgoblin (100% to hit)
You miscast Kiss of Death.
Nothing appears to happen.
* * * LOW HITPOINT WARNING * * *
You feel sick. The hobgoblin misses you. The hobgoblin hits you.
* * * LOW HITPOINT WARNING * * *
You hit the hobgoblin but do no damage.
You die...

..#### #.## #....#..#
.. #.# #........ # #
.## #...##.#. .## ##.
## ##......#. ..##..
#.# #.........
##.#..##.# #......##.
#.......# ##......##.
#.##g#..####..........
##.@..†.##.......###
.!................##.#
....#.###..###.##.##.#
.#. #? #..# #.# .# # .
......... .. #.
.....#####..##
#.......# .. .......#
## .......


You could see a hobgoblin.

Vanquished Creatures
  Jessica (D:2)
  An adder (D:2)
  2 dart slugs (D:1)
  A bat (D:1)
  4 endoplasms
  A giant cockroach (D:1)
  3 hobgoblins
  3 jackals (D:1)
  A quokka (D:1)
  4 ball pythons (D:1)
  4 frilled lizards
  2 goblins (D:1)
  5 kobolds
  3 rats
35 creatures vanquished.

Notes
Turn   | Place    | Note
-------+----------+-------------------------------------------
     0 | D:1      | Arcadio the Merfolk Reaver began the quest for the Orb.
     0 | D:1      | Reached XP level 1. HP: 16/16 MP: 3/3
    67 | D:1      | Reached XP level 2. HP: 19/23 MP: 5/5
   474 | D:1      | Found a faded altar of an unknown god.
   476 | D:1      | Noticed a golden eye
   476 | D:1      | Noticed an eye of devastation
   493 | D:1      | Reached XP level 3. HP: 28/28 MP: 6/6
   502 | D:1      | Noticed a shining eye
   502 | D:1      | Noticed a floating eye
  1186 | D:2      | Noticed Jessica
  1200 | D:2      | Killed Jessica
  1201 | D:2      | Reached skill level 5 in Polearms
  1201 | D:2      | Reached XP level 4. HP: 10/34 MP: 5/7
  1202 | D:2      | HP: 1/34 [hobgoblin (4)]
  1203 | D:2      | Succumbed to Jessica's poison

Illustrated notes

Levels and vault maps discovered:
D:1:      tarquinn_simple_flora_water_a, layout_basic, serial_forest,
          infiniplex_forest_end_3, infiniplex_forest_lined_4_way,
          infiniplex_forest_lined_1, infiniplex_forest_straight_1,
          infiniplex_forest_lined_2, hellmonk_ecumenical_altar_watching_god
D:2:      layout_loops_cross, nrook_mini_backslash, uniq_jessica

Skill      XL: |  1  2  3 |
---------------+----------+-----
Dodging        | 3 4 |  4.0
Fighting       | 3 |  3.3
Polearms       | 5 |  5.0
Spellcasting   | |  2.0
Conjurations   | |  2.4

Action                     |  1- 3 |  4- 6 || total
---------------------------+-------+-------++-------
  Melee: Spear             |   140 |     1 ||   141
         Punch             |     1 |       ||     1
   Cast: Kiss of Death     |     1 |       ||     1
    Use: Scroll            |     2 |       ||     2
         Potion            |     1 |       ||     1
   Stab: Sleeping          |     1 |       ||     1
 Armour: Leather armour    |    27 |       ||    27
  Dodge: Dodged            |    61 |     2 ||    63
